Map: [ESL] Hard Lead

Players

PtitDrogo

  • Race: Protoss Protoss
  • Spawn Location: 5:00

Astrea - Winner!

  • Race: Protoss Protoss
  • League: Master
  • Spawn Location: 11:00

Event: HomeStory Cup XXIV

VOD

Have the link to the VOD?

Description

Time

  • Played on: Dec. 1, 2023, 1:59 p.m.
  • Length: 6:40

All games in this series

Show
View Real Time Build Order
Export as new Build Order

PtitDrogo Protoss 

Build Orders: Blink Stalkers 

Get SALT Encoding   

  12  0:00  Probe  
  13  0:12  Probe  
  14  0:17  Pylon  
  14  0:24  Probe (Chrono Boost)  
  15  0:36  Gateway  
  15  0:37  Probe (Chrono Boost)  
  16  0:44  Probe (Chrono Boost)  
  16  0:46  Assimilator  
  17  0:51  Probe  
  17  0:54  Assimilator  
  18  1:03  Probe (Chrono Boost)  
  19  1:06  Gateway  
  19  1:12  Probe (Chrono Boost)  
  19  1:17  Probe (Chrono Boost)  
  20  1:23  Cybernetics Core  
  21  1:29  Probe  
  22  1:33  Pylon  
  22  1:41  Probe  
  23  1:53  Probe  
  24  1:59  Adept x2  
  24  2:00  Warp Gate  
  28  2:05  Probe  
  29  2:12  Pylon  
  29  2:20  Probe  
  30  2:23  Pylon  
  30  2:31  Stalker x2  
  34  2:48  Probe  
  34  3:02  Probe  
  35  3:05  Nexus  
  35  3:11  Sentry  
  39  3:14  Probe  
  39  3:18  Twilight Council  
  40  3:23  Pylon  
  40  3:26  Shield Battery  
  38  3:31  Probe  
  39  3:43  Probe  
  40  3:49  Stalker x2  
  40  3:53  Blink (Chrono Boost)  
  44  3:56  Probe  
  44  4:08  Probe (Chrono Boost)  
  40  4:19  Probe (Chrono Boost)  
  40  4:20  Probe (Chrono Boost)  
  42  4:26  Stalker  
  42  4:27  Probe (Chrono Boost)  
  42  4:29  Probe (Chrono Boost)  
  46  4:32  Probe (Chrono Boost)  
  47  4:40  Probe  
  47  4:44  Probe  
  47  4:45  Stalker  
  49  4:53  Probe  
  49  4:56  Probe  
  51  5:02  Stalker  
  51  5:03  Pylon  
  51  5:05  Probe  
  54  5:07  Gateway  
  54  5:08  Probe  
  55  5:15  Stalker  
  55  5:17  Probe  
  55  5:20  Probe  
  59  5:29  Probe  
  60  5:36  Nexus  
  60  5:38  Pylon, Probe  
  60  5:41  Probe  
  60  5:42  Stalker  
  64  5:49  Stalker  
  66  5:51  Probe  
  66  5:53  Probe  
  68  5:58  Shield Battery  
  68  6:03  Stalker  
  70  6:12  Probe  
  70  6:15  Probe  
  70  6:17  Pylon  
  70  6:24  Probe  
  69  6:27  Probe  
  69  6:28  Stalker  
  69  6:32  Stalker x2  
Show
View Real Time Build Order
Export as new Build Order

Astrea Protoss - Winner!

Build Orders: Oracle Opening, Blink Stalkers 

Get SALT Encoding   

  12  0:00  Probe  
  13  0:12  Probe  
  14  0:17  Pylon  
  14  0:24  Probe (Chrono Boost)  
  16  0:36  Gateway, Probe (Chrono Boost)  
  16  0:43  Probe (Chrono Boost)  
  16  0:45  Assimilator  
  17  0:51  Probe  
  17  0:52  Assimilator  
  18  1:03  Probe (Chrono Boost)  
  19  1:05  Gateway  
  20  1:12  Probe (Chrono Boost)  
  20  1:17  Probe (Chrono Boost)  
  20  1:23  Cybernetics Core  
  21  1:29  Probe  
  21  1:31  Pylon  
  22  1:41  Probe  
  23  1:53  Probe  
  24  1:59  Warp Gate, Adept x2  
  28  2:05  Probe  
  28  2:06  Pylon  
  29  2:17  Probe  
  29  2:21  Stargate  
  30  2:32  Stalker x2  
  33  3:02  Nexus  
  33  3:05  Oracle (Chrono Boost)  
  36  3:13  Shield Battery  
  36  3:17  Probe  
  37  3:29  Probe  
  37  3:30  Twilight Council  
  38  3:41  Probe  
  38  3:44  Pylon  
  39  3:57  Blink (Chrono Boost)  
  39  4:02  Probe  
  40  4:03  Stalker x2  
  44  4:14  Probe  
  45  4:19  Probe  
  45  4:24  Gateway  
  46  4:26  Probe  
  46  4:31  Probe  
  47  4:38  Probe  
  47  4:43  Stalker x2, Probe  
  52  4:50  Probe  
  53  4:55  Probe  
  54  5:02  Probe  
  54  5:06  Stalker x2  
  59  5:07  Probe  
  59  5:08  Pylon  
  60  5:14  Probe  
  60  5:20  Pylon  
  61  5:24  Probe  
  62  5:29  Stalker x3  
  68  5:37  Gateway  
  68  5:41  Gateway  
  68  5:45  Nexus  
  68  5:53  Assimilator  
  68  5:57  Stalker x3  
  68  5:59  Probe  
  68  6:01  Probe  
  76  6:11  Probe  
  76  6:13  Probe  
  76  6:18  Pylon  
  76  6:19  Forge  
  76  6:21  Stalker  
  78  6:27  Probe x2  
Tags
 
Add a new tag
Caveats
  • Supply blocks, unpowered buildings, or Contaminate may cause inaccurate times.
  • Supply counts are checked every 10 seconds.